 Dungeon Crawl Stone Soup version 0.18-a0-1747-g18c4181 (webtiles) character file.

35149 Chiseanne the Nimble (level 13, -9/103 HPs)
             Began as a Demonspawn Wanderer on Apr 12, 2016.
             Was a High Priest of Makhleb.
             Mangled by an Executioner (17 damage)
             ... summoned by the player character
             ... on level 1 of the Orcish Mines.
             The game lasted 02:43:14 (16188 turns).

Chiseanne the Nimble (Demonspawn Wanderer)         Turns: 16188, Time: 02:43:15

Health: -9/103     AC: 18    Str: 16    XL:     13   Next: 46%
Magic:  21/21      EV: 20    Int: 15    God:    Makhleb [*****.]
Gold:   379        SH:  5    Dex: 17    Spells: 3 memorised, 11 levels left

rFire  + . .     SeeInvis .     a - +6 broad axe (protect)
rCold  + . .     Gourm    .     F - +2 robe {rC+}
rNeg   . . .     Faith    .     b - +0 buckler
rPois  .         Spirit   .     (helmet restricted)
rElec  .         Dismiss  .     E - +1 cloak
rCorr  .         Reflect  .     J - +0 pair of gloves
SustAt .         Harm     .     l - +1 pair of boots
MR     +....                    x - amulet of magic regeneration
Stlth  ++........               Y - +4 ring of dexterity
                                h - ring of protection from magic

@: about to teleport, somewhat resistant to hostile enchantments, unstealthy
A: horns 1, talons 1, slimy green scales 2, fire resistance 1, powered by death
2, flame cloud immunity
a: Minor Destruction, Lesser Servant of Makhleb, Major Destruction, Greater
Servant of Makhleb, Renounce Religion


You were on level 1 of the Orcish Mines.
You worshipped Makhleb.
Makhleb was extremely pleased with you.
You were not hungry.

You visited 3 branches of the dungeon, and saw 18 of its levels.
You also visited: Labyrinth, Sewer and Bailey.

You collected 1491 gold pieces.
You spent 1112 gold pieces at shops.

Inventory:

Hand Weapons
 a - a +6 broad axe of protection (weapon)
 d - the cursed +2 rapier of Bankruptcy {pierce, SInv}
   (You found it in a labyrinth)

   It inflicts extra damage upon your enemies.
   It lets you see invisible.
   It has a curse placed upon it.
 s - a +2 scimitar of flaming
Missiles
 I - a throwing net (quivered) {!*}
Armour
 b - a +0 buckler (worn)
 l - a +1 pair of boots (worn)
 E - a +1 cloak (worn)
 F - a +2 robe of cold resistance (worn)
 J - a +0 pair of gloves (worn)
Jewellery
 h - a ring of protection from magic (left hand)
 x - an amulet of magic regeneration (around neck)
 R - the ring of the Failed Coup {+Fly Int+2}
   (You found it on level 10 of the Dungeon)

   [ring of intelligence]

   It affects your intelligence (+2).
   It lets you fly.
 Y - a +4 ring of dexterity (right hand)
Wands
 g - a wand of lightning (0/15)
 y - a wand of disintegration (6/24)
 D - a wand of heal wounds (3/9)
 K - a wand of heal wounds (4/9)
Scrolls
 c - 4 scrolls of teleportation
 i - 2 scrolls of identify
 r - 5 scrolls of fog
 W - a scroll of summoning
 X - a scroll of remove curse
Potions
 k - 3 potions of heal wounds
 n - 4 potions of flight
 o - 5 potions of lignification
 p - 17 potions of curing
 H - a potion of resistance
 M - 2 potions of might
 T - a potion of cancellation
Comestibles
 f - 9 bread rations
 j - 3 chunks of flesh
 w - 5 meat rations


   Skills:
 - Level 10.0 Fighting
 * Level 9.9(10.1) Axes
   Level 2.7(6.9) Maces & Flails
 - Level 7.1 Armour
 * Level 10.8 Dodging
 - Level 2.6 Stealth
 - Level 4.0 Shields
 - Level 1.7 Unarmed Combat
 - Level 5.4 Spellcasting
 - Level 2.0 Conjurations
 * Level 6.0 Hexes
 * Level 8.1 Invocations


You had 11 spell levels left.
You knew the following spells:

 Your Spells              Type           Power        Failure   Level  Hunger
a - Dazzling Spray        Conj/Hex       ###.....     12%         3    ###....
b - Cause Fear            Hex            ###.......   17%         4    ####...
c - Fulminant Prism       Conj/Hex       ###.......   34%         4    ####...


Dungeon Overview and Level Annotations

Branches:
Dungeon (15/15)            Temple (1/1) D:7            Lair (0/8) D:9
    Orc (2/2) D:9          Vaults (0/5) D:14         Depths (0/5) D:15
    Elf: Orc:2

Altars:
Ashenzari
Cheibriados
Dithmenos
Elyvilon
Fedhas
Gozag
Kikubaaqudgha
Makhleb
Nemelex Xobeh
Okawaru
Pakellas
Qazlal
Ru
Sif Muna
Trog
Vehumet
Xom
Yredelemnul
Zin
The Shining One
Beogh

Shops:
D:11 ?   D:15 ![?[!   Orc:2 *[

Annotations:
D:8 exclusion: upstairs
D:9 warlockg3's ghost, journeyman DrFE


Innate Abilities, Weirdness & Mutations

You have sharp toenails.
You are mostly covered in slimy green scales (AC +3).
Your flesh is heat resistant.
You regenerate health from kills.
You are immune to clouds of flame.
You have a pair of small horns on your head.


Message History

The Executioner barely misses you.
The Executioner hits you but does no damage.
The Executioner closely misses you. The Executioner misses you.
Read which item? (? for menu, Esc to quit)
As you read the scroll of teleportation, it crumbles to dust.
You feel strangely unstable.
The Executioner hits you but does no damage. x3
The Executioner hits you!
* * * LOW HITPOINT WARNING * * *
The Executioner hits you but does no damage.
The Executioner completely misses you. The Executioner hits you!
* * * LOW HITPOINT WARNING * * *
The Executioner hits you but does no damage. x2
The Executioner gestures at you.
You easily resist.
The Executioner hits you.
* * * LOW HITPOINT WARNING * * *
You block the Executioner's attack.
The Executioner hits you but does no damage.
The Executioner hits you!
You die...

..)1....#..#.##
...o.......###
[##oo......# ###
[..........####.##
[.........1.##...#
........##.##...###
.....#####)###....##
......###....##....#
..##.###...)...1@.##
..#### ##.##)##.###
.## ###...### ..##
#...# ...# #...#
...## ##.## ....#
### ##.## ####


You could see an Executioner.

Vanquished Creatures
  Maud (D:11)
  A dire elephant (D:15)
  A minotaur (Lab)
  Fannar (D:11)
  A dancing weapon (D:14)
  3 centaur warriors
  An unseen horror (D:15)
  11 hill giants
  3 deep elf magi
  A wolf spider zombie (D:12)
  Pikel (D:5)
  2 orc knights (Bailey)
  3 ugly things
  A manticore (D:15)
  A griffon (D:15)
  2 cyclopes
  A slime creature (D:15)
  A salamander (D:15)
  A salamander (shapeshifter) (D:15)
  A gargoyle (D:12)
  A freezing wraith (D:15)
  An efreet (D:14)
  A komodo dragon (D:14)
  A merfolk (D:15)
  4 trolls
  Grinder (D:3)
  4 two-headed ogres
  A wraith (D:15)
  2 shadows
  A vampire (D:12)
  3 wyverns
  A water elemental (D:13)
  8 hungry ghosts
  A human (D:9)
  8 vampire mosquitoes
  2 hippogriffs
  A steam dragon (D:9)
  A mottled dragon (D:12)
  2 wargs (Orc:1)
  A water moccasin (D:9)
  Edmund (D:5)
  4 ice beasts
  14 orc warriors
  A black bear (D:9)
  3 sky beasts
  2 slaves (D:5)
  An eye of draining (D:12)
  2 necrophages
  8 ogres
  3 centaurs
  3 big kobolds
  9 giant frogs
  2 scorpions
  2 wyvern skeletons
  17 killer bees
  6 howler monkeys
  5 wights (D:9)
  An electric eel (D:13)
  6 crimson imps
  2 giant frog zombies
  5 centaur zombies
  4 centaur skeletons
  2 hounds
  Crazy Yiuf (D:5)
  3 jellies
  3 orc wizards
  A gnoll shaman (D:8)
  5 orc priests
  2 giant frog skeletons
  12 worker ants
  Ijyb (D:3)
  Natasha (thrice) (D:3)
  3 iguanas
  Terence (D:3)
  2 hound zombies
  2 worker ant zombies
  Robin (D:3)
  10 adders
  3 gnolls (D:8)
  3 river rats
  4 shadow imps
  An adder zombie (D:5)
  7 worms
  2 dart slugs (D:2)
  4 giant geckos
  62 orcs
  8 giant cockroaches
  8 hobgoblins
  13 jackals
  16 kobolds
  5 quokkas
  A ball python (D:5)
  5 bats
  A giant cockroach zombie (D:6)
  2 giant newts
  22 goblins
  3 quokka skeletons
  11 rats
  2 fungi (D:7)
  A plant (D:7)
420 creatures vanquished.

Vanquished Creatures (collateral kills)
  A dancing weapon (D:14)
  A gargoyle (D:14)
  An orc (Orc:2)
3 creatures vanquished.

Vanquished Creatures (others)
  A giant cockroach (D:5)
  6 fungi (D:9)
  2 plants (D:9)
9 creatures vanquished.

Grand Total: 432 creatures vanquished

Notes
Turn   | Place    | Note
--------------------------------------------------------------
     0 | D:1      | Chiseanne the Demonspawn Wanderer began the quest for the Orb.
     0 | D:1      | Chiseanne set off with: a book of Conjurations, a +0 quarterstaff, a scroll of teleportation, a +0 robe, a +0 dagger, a bread ration
     0 | D:1      | Reached XP level 1. HP: 16/16 MP: 2/2
   654 | D:1      | Gained mutation: You regenerate a little health from kills. [demonic ancestry]
   654 | D:1      | Reached XP level 2. HP: 20/23 MP: 3/3
   698 | D:1      | Reached skill level 1 in Dodging
  1069 | D:2      | Found an iron altar of Okawaru.
  1166 | D:2      | Reached skill level 1 in Armour
  1166 | D:2      | Reached XP level 3. HP: 28/28 MP: 4/4
  1604 | D:2      | Found a glowing silver altar of Zin.
  1604 | D:2      | Found a glowing golden altar of the Shining One.
  1604 | D:2      | Found a white marble altar of Elyvilon.
  1850 | D:3      | Reached XP level 4. HP: 24/35 MP: 5/5
  1875 | D:3      | Noticed Robin
  1892 | D:3      | Killed Robin
  1900 | D:3      | Got a distressingly furry helmet
  1914 | D:3      | Noticed Natasha
  1917 | D:3      | Identified the +2 helmet of the Journeyman {Str+7} (You took it off Robin on level 3 of the Dungeon)
  1930 | D:3      | Killed Natasha
  2096 | D:3      | Noticed Natasha
  2100 | D:3      | Killed Natasha
  2100 | D:3      | Gained mutation: Your flesh is heat resistant. [demonic ancestry]
  2100 | D:3      | Reached XP level 5. HP: 30/41 MP: 6/6
  2149 | D:3      | Noticed Grinder
  2160 | D:3      | Paralysed by Grinder for 2 turns
  2165 | D:3      | Killed Grinder
  2165 | D:3      | Reached skill level 1 in Axes
  2165 | D:3      | Reached XP level 6. HP: 48/48 MP: 7/7
  2242 | D:3      | Noticed Terence
  2251 | D:3      | Killed Terence
  2402 | D:3      | Noticed Natasha
  2412 | D:3      | Killed Natasha
  2449 | D:3      | Noticed Ijyb
  2462 | D:3      | Killed Ijyb
  2583 | D:3      | Noticed an air elemental
  2585 | D:3      | Found a stormy altar of Qazlal.
  2586 | D:3      | Noticed a fire elemental
  2586 | D:3      | Noticed a water elemental
  3236 | D:4      | Reached skill level 1 in Shields
  3252 | D:4      | Gained mutation: You are partially covered in slimy green scales (AC +2). [demonic ancestry]
  3252 | D:4      | Reached XP level 7. HP: 48/55 MP: 8/8
  3593 | D:5      | Entered Level 5 of the Dungeon
  3840 | D:5      | Noticed Pikel
  3898 | D:5      | Found a shadowy altar of Dithmenos.
  3913 | D:5      | Found a glowing drain.
  3915 | D:5      | Noticed Edmund
  3922 | Sewer    | Entered a sewer
  4030 | Sewer    | Found a glowing silver altar of Zin.
  4104 | D:5      | Reached skill level 5 in Fighting
  4104 | D:5      | Gained mutation: You regenerate health from kills. [demonic ancestry]
  4104 | D:5      | Reached XP level 8. HP: 46/62 MP: 9/9
  4153 | D:5      | Killed Edmund
  4417 | D:5      | Killed Pikel
  4417 | D:5      | Reached skill level 1 in Maces & Flails
  4579 | D:5      | Noticed Crazy Yiuf
  4592 | D:5      | Killed Crazy Yiuf
  4888 | D:6      | Found a radiant altar of Vehumet.
  4973 | D:6      | Found an ancient bone altar of Kikubaaqudgha.
  4974 | D:6      | Identified a scroll of acquirement
  5028 | D:6      | Reached XP level 9. HP: 55/69 MP: 10/10
  5040 | D:6      | Reached skill level 5 in Dodging
  5346 | D:7      | Found a blossoming altar of Fedhas.
  5547 | D:7      | Found a staircase to the Ecumenical Temple.
  5744 | D:7      | Reached skill level 5 in Armour
  6083 | Temple   | Entered the Ecumenical Temple
  6466 | Temple   | Became a worshipper of Makhleb the Destroyer
  6976 | D:8      | Reached * piety under Makhleb
  7307 | D:9      | Found an opulent altar of Gozag.
  7428 | D:9      | Identified the Grimoire of Enthralling Augmentations
  7558 | D:9      | Reached XP level 10. HP: 79/79 MP: 11/11
  7771 | D:9      | Reached skill level 5 in Axes
  7783 | D:9      | Found a staircase to the Orcish Mines.
  7786 | D:9      | Reached ** piety under Makhleb
  7814 | D:9      | Found a roughly hewn altar of Beogh.
  7859 | D:9      | Found a staircase to the Lair.
  8022 | D:9      | Noticed warlockg3's ghost (journeyman DrFE)
  8296 | D:10     | Entered Level 10 of the Dungeon
  8392 | D:10     | Got a glittering jade ring
  8402 | D:10     | Noticed a hill giant
  8427 | D:10     | Killed a hill giant
  8471 | D:10     | Identified the ring of the Failed Coup {+Fly Int+2} (You found it on level 10 of the Dungeon)
  8582 | D:10     | Noticed a hill giant
  8601 | D:10     | Killed a hill giant
  8760 | D:11     | Found Kunad's Magic Scroll Shop.
  8778 | D:11     | Bought a scroll of identify for 26 gold pieces
  8778 | D:11     | Bought a scroll of identify for 26 gold pieces
  8778 | D:11     | Bought a scroll of identify for 26 gold pieces
  8778 | D:11     | Bought a scroll of random uselessness for 13 gold pieces
  8778 | D:11     | Bought a scroll of vulnerability for 97 gold pieces
  8778 | D:11     | Bought a scroll of identify for 26 gold pieces
  8778 | D:11     | Bought a scroll of fear for 45 gold pieces
  8778 | D:11     | Bought a scroll of identify for 26 gold pieces
  8778 | D:11     | Bought a scroll of teleportation for 39 gold pieces
  8778 | D:11     | Bought a scroll of fear for 45 gold pieces
  8812 | D:11     | Noticed Maud
  8813 | D:11     | Noticed Fannar
  8842 | D:11     | Killed Maud
  8842 | D:11     | Gained mutation: You have sharp toenails. [demonic ancestry]
  8842 | D:11     | Reached XP level 11. HP: 57/87 MP: 11/14
  8896 | D:11     | Killed Fannar
  9025 | D:11     | Reached *** piety under Makhleb
  9037 | D:11     | Learned a level 3 spell: Dazzling Spray
  9061 | D:11     | Noticed a hill giant
  9084 | D:11     | Killed a hill giant
  9104 | D:11     | Found a bloodstained altar of Trog.
 10515 | D:12     | Noticed a hill giant
 10530 | D:12     | Killed a hill giant
 10587 | D:12     | Noticed a hill giant
 10599 | D:12     | Killed a hill giant
 10665 | D:12     | Noticed a green ugly thing
 10691 | D:12     | Killed a green ugly thing
 10710 | D:12     | Reached **** piety under Makhleb
 10792 | D:12     | Noticed a cyan ugly thing
 10802 | D:12     | Noticed a hill giant
 10815 | D:12     | Killed a hill giant
 11219 | D:12     | Killed a cyan ugly thing
 11219 | D:12     | Reached skill level 5 in Spellcasting
 11219 | D:12     | Gained mutation: You are immune to clouds of flame. [demonic ancestry]
 11219 | D:12     | Reached XP level 12. HP: 74/97 MP: 4/19
 11550 | D:13     | Reached skill level 10 in Fighting
 11733 | D:13     | Reached ***** piety under Makhleb
 11821 | D:13     | Reached skill level 1 in Invocations
 12339 | D:13     | Reached skill level 1 in Hexes
 12534 | D:14     | Found a labyrinth entrance.
 12550 | Lab      | Entered a labyrinth
 12885 | Lab      | Noticed a minotaur
 12894 | Lab      | Killed a minotaur
 12924 | Lab      | Identified the Guide on Fiery Enhancements
 12924 | Lab      | Identified the Disquisition on the Helpful Traveller
 12925 | Lab      | Got a shimmering rapier
 12927 | Lab      | Identified the cursed +2 rapier of Bankruptcy {pierce, SInv} (You found it in a labyrinth)
 12981 | D:14     | Found a gate to the Vaults.
 13065 | D:14     | Found a flagged portal.
 13077 | Bailey   | Entered a bailey
 13191 | Bailey   | Gained mutation: You have a pair of small horns on your head. [potion of beneficial mutation]
 13245 | Bailey   | HP: 4/97 [orc knight/enchanted glaive (6)]
 13258 | Bailey   | Reached skill level 5 in Invocations
 13296 | Bailey   | Reached skill level 10 in Dodging
 13457 | D:14     | Noticed a centaur warrior
 13470 | D:14     | Killed a centaur warrior
 13694 | D:14     | HP: 2/97 [enchanted long sword (13)]
 14276 | D:15     | Entered Level 15 of the Dungeon
 14276 | D:15     | Found Cuesuymp's Distillery.
 14287 | D:15     | Bought a potion of degeneration for 13 gold pieces
 14287 | D:15     | Bought a potion of agility for 52 gold pieces
 14287 | D:15     | Bought a potion of might for 52 gold pieces
 14287 | D:15     | Bought a potion of heal wounds for 65 gold pieces
 14287 | D:15     | Bought a potion of curing for 39 gold pieces
 14287 | D:15     | Bought a potion of heal wounds for 65 gold pieces
 14287 | D:15     | Bought a potion of curing for 39 gold pieces
 14287 | D:15     | Bought a potion of curing for 39 gold pieces
 14287 | D:15     | Bought a potion of curing for 39 gold pieces
 14382 | D:15     | Gained mutation: You are mostly covered in slimy green scales (AC +3). [demonic ancestry]
 14382 | D:15     | Reached XP level 13. HP: 54/103 MP: 21/21
 14559 | D:15     | Reached skill level 5 in Hexes
 14573 | D:15     | Found Leown's Distillery.
 14590 | D:15     | Bought a potion of curing for 57 gold pieces
 14590 | D:15     | Bought a potion of curing for 57 gold pieces
 14590 | D:15     | Bought a potion of might for 76 gold pieces
 14616 | D:15     | Found Ajaiz's Armour Boutique.
 14631 | D:15     | Found Foipy's Magic Scroll Shop.
 14649 | D:15     | Bought a scroll of identify for 30 gold pieces
 14649 | D:15     | Bought a scroll of teleportation for 45 gold pieces
 14649 | D:15     | Bought a scroll of fog for 30 gold pieces
 14649 | D:15     | Bought a scroll of teleportation for 45 gold pieces
 14729 | D:15     | Found Guyweuv's Armour Shoppe.
 15164 | D:15     | Found a staircase to the Depths.
 15164 | D:15     | Noticed a dire elephant
 15182 | D:15     | Killed a dire elephant
 15215 | D:15     | Learned a level 4 spell: Cause Fear
 15220 | D:15     | Learned a level 4 spell: Fulminant Prism
 15734 | Orc:1    | Entered Level 1 of the Orcish Mines
 15893 | Orc:2    | Entered Level 2 of the Orcish Mines
 15893 | Orc:2    | Found Niuwon's Antique Armour Shop.
 15896 | Orc:2    | Found Elorr's General Store.
 15897 | Orc:2    | Noticed an Executioner
 16041 | Orc:2    | Noticed a green death
 16044 | Orc:1    | Noticed an Executioner
 16188 | Orc:1    | Mangled by an Executioner

Vault maps used:
D:1:      ncdulo_lavacross
D:2:      good_gods_mini_temple, okawaru_metal_pillars_1_2, first_bread,
          kennysheep_generic_room_15
D:3:      kennysheep_goblin_castle, nicolae_qazlal_style_of_elements,
          dk_noncrumbling_4, minmay_hedge_maze, uniq_grinder, uniq_robin,
          uniq_terence, uniq_natasha
D:5:      portal_sewer_entry_a, nicolae_dithmenos_shadow_blocks, uniq_pikel,
          uniq_crazy_yiuf_cottage, uniq_edmund
D:6:      lemuel_round_altar, basic_altar
D:7:      fedhas_altar_3, minmay_temple_entry_from_below_a, st_stairs_14
D:8:      minmay_klotski
D:9:      lemuel_crystal_altar, dpeg_oklobed_lair,
          minmay_orc_entry_temple_small, grunt_pizzeria
D:11:     basic_altar, serial_shops, shop, uniq_fannar, uniq_maud
D:13:     hive_lemuel
D:14:     erik_vaults_1, minmay_misc_feat_five, lab_entry_generic,
          enter_bailey_2
D:15:     hangedman_depths_entry_try_elsewhere_first, serial_shops, shop,
          nicolae_shop_crystal, shop, nicolae_shop_stone, nicolae_shop_stone,
          dk_noncrumbling_2
Temple:   minmay_temple_forest_path_12
Orc:1:    serial_shops, shop, shop, nicolae_orc_lava_tube
Orc:2:    grunt_orc_gardens, grunt_orc_garden, grunt_orc_garden,
          grunt_orc_garden, grunt_orc_garden
Lab:      labyrinth_hidden_loot, nicolae_lab_big_swirl
Sewer:    sewer_kobolds
Bailey:   bailey_polearm_5, bailey

Skill      XL: |  1  2  3  4  5  6  7  8  9 10 11 12 13 |
---------------+----------------------------------------+-----
Dodging        | 1 2 3 4 6 7 9 10 | 10.8
Armour         | 1 2 3 4 6 7 |  7.1
Fighting       | 3 4 5 6 7 8 9 10 | 10.0
Axes           | 1 2 3 4 6 7 9 |  9.9
Shields        | 1 2 3 4 |  4.0
Maces & Flails | 2 |  2.7
Spellcasting   | 2 5 |  5.4
Invocations    | 6 8 |  8.1
Hexes          | 4 6 |  6.0
Stealth        | |  2.6
Unarmed Combat | |  1.7
Conjurations   | |  2.0

Action                   |  1- 3 |  4- 6 |  7- 9 | 10-12 | 13-15 || total
-------------------------+-------+-------+-------+-------+-------++-------
Melee: Quarterstaff      |   101 |       |       |       |       ||   101
       War axe           |    28 |   161 |   160 |   169 |       ||   518
       Flail             |       |       |   138 |   133 |       ||   271
       Hand axe          |       |       |   147 |   470 |       ||   617
       Broad axe         |       |       |       |    79 |   190 ||   269
       Headbutt          |       |       |       |    27 |    50 ||    77
Throw: Tomahawk          |     2 |     2 |     5 |    17 |       ||    26
       Throwing net      |       |       |       |     4 |       ||     4
 Cast: Dazzling Spray    |       |       |       |    10 |       ||    10
Invok: Greater Servant o |       |       |       |     1 |     4 ||     5
Evoke: Club              |       |       |       |    25 |     4 ||    29
  Use: Scroll            |     4 |    10 |    12 |    23 |     3 ||    52
       Potion            |       |     1 |       |    14 |     3 ||    18
 Stab: Sleeping          |     2 |       |     3 |    10 |     2 ||    17
       Confused          |       |       |       |     3 |       ||     3
       Distracted        |       |       |       |     2 |     1 ||     3
       Invisible         |       |       |       |     1 |       ||     1
  Eat: Chunk             |     3 |     5 |    14 |    19 |     2 ||    43
       Beef jerky        |       |       |     2 |     2 |       ||     4
       Fruit             |       |       |       |     2 |       ||     2
       Pizza             |       |       |       |     8 |       ||     8
       Bread ration      |       |       |       |     1 |     1 ||     2
       Royal jelly       |       |       |       |     1 |       ||     1
Armor: Robe              |     4 |       |       |   192 |   116 ||   312
       Ring mail         |    68 |    99 |   178 |    66 |       ||   411
       Leather armour    |     1 |       |       |       |       ||     1
       Troll hide        |       |       |       |    24 |       ||    24
Dodge: Dodged            |    97 |   137 |   276 |   886 |   192 ||  1588
Block: Buckler           |       |    15 |    91 |   263 |    63 ||   432
